 Dungeon Crawl Stone Soup version 0.19.5 (webtiles) character file.

91 devil0150 the Grave Robber (level 4, -2/31 HPs)
             Began as a Human Necromancer on Apr 7, 2017.
             Was an Initiate of Sif Muna.
             Slain by Terence
             ... wielding a +0 hand axe
              (5 damage)
             ... on level 3 of the Dungeon.
             The game lasted 00:18:18 (3496 turns).

devil0150 the Grave Robber (Human Necromancer)      Turns: 3496, Time: 00:18:18

Health: -2/31      AC:  9    Str:  5 (8)  XL:     4   Next: 88%
Magic:  7/7        EV:  0    Int: 15 (17) God:    Sif Muna [......]
Gold:   114        SH:  0    Dex: 13      Spells: 3 memorised, 0 levels left

rFire  . . .     SeeInvis .     d - +0 mace
rCold  . . .     Gourm    .     p - +0 chain mail (curse)
rNeg   . . .     Faith    .     (no shield)
rPois  .         Spirit   .     (no helmet)
rElec  .         Reflect  .     (no cloak)
rCorr  .         Harm     .     l - +0 pair of gloves
MR     .....                    (no boots)
Stlth  ..........               (no amulet)
                                (no ring)
                                (no ring)

@: very heavily drained
A: no striking features
a: Renounce Religion


You were on level 3 of the Dungeon.
You worshipped Sif Muna.
Sif Muna was noncommittal.
You were hungry.

You visited 1 branch of the dungeon, and saw 3 of its levels.

You collected 114 gold pieces.

Inventory:

Hand Weapons
 d - a +0 mace (weapon)
 f - a +0 dagger
 o - a +1 antimagic dagger
Missiles
 h - 19 stones (quivered)
 j - 20 poisoned needles
 s - 5 needles of frenzy
Armour
 a - a +0 robe
 e - a +0 robe
 l - a +0 pair of gloves (worn)
 m - a +0 robe
 n - a +0 robe
 p - a cursed +0 chain mail (worn)
 q - a +0 leather armour
Scrolls
 g - 2 scrolls of identify
 k - a scroll of amnesia
Books
 b - a book of Necromancy

   Spells                             Type                      Level
   a - Pain                           Necromancy                   1
   b - Animate Skeleton               Necromancy                   1
   c - Vampiric Draining              Necromancy                   3
   d - Regeneration                   Charms/Necromancy            3
   e - Animate Dead                   Necromancy                   4
   f - Control Undead                 Necromancy                   4
Comestibles
 c - 3 bread rations
 r - a royal jelly


   Skills:
 + Level 0.6(0.0) Fighting
 + Level 2.5(0.0) Maces & Flails
 + Level 1.0(0.0) Throwing
 + Level 1.0(0.0) Armour
 + Level 2.4(0.0) Dodging
 + Level 2.0(0.0) Stealth
 + Level 2.0(0.0) Spellcasting
 + Level 4.3(0.8) Necromancy


You couldn't memorise any spells.
You knew the following spells:

 Your Spells              Type           Power        Failure   Level  Hunger
a - Regeneration          Chrm/Necr      #.........   100%        3    ####...
b - Animate Skeleton      Necr           N/A          100%        1    ##.....
c - Vampiric Draining     Necr           #.........   100%        3    ####...


Dungeon Overview and Level Annotations

Branches:
Dungeon (3/15)

Altars:
Sif Muna

Annotations:
D:3 Natasha, Terence


Message History

* * * LOW HITPOINT WARNING * * *
You hit Terence but do no damage.
Terence is moderately wounded.
Terence hits you with a hand axe.
* * * LOW HITPOINT WARNING * * *
Terence hits you with a hand axe.
* * * LOW HITPOINT WARNING * * *
You hit Terence but do no damage.
Terence is moderately wounded.
Terence hits you but does no damage. Terence screams, "I want your blood!"
All of the chunks of flesh in your inventory have rotted away.
A hobgoblin comes into view. It is wielding a club.
Casting: Animate Skeleton
Confirm with . or Enter, or press ? or * to list all spells.
Okay, then.
You hit Terence but do no damage.
Terence is lightly wounded.
Terence hits you but does no damage. Terence hits you with a hand axe.
You die...

## .# .# g#
#########.#
#.....s@@.#
#.#########
#.# #.#
#.#######
#.......#
#######.#
#.# #s#


You could see Terence, a giant cockroach and a hobgoblin.

Vanquished Creatures
  Ijyb (D:3)
  An adder (D:2)
  A worm (D:2)
  3 dart slugs
  2 leopard geckos
  2 giant cockroaches (D:1)
  5 goblins
  10 hobgoblins
  2 quokkas (D:2)
  7 bats
  3 frilled lizards
  5 kobolds
  2 rats
44 creatures vanquished.

Vanquished Creatures (collateral kills)
  A goblin (D:2)
  A rat (D:2)
2 creatures vanquished.

Grand Total: 46 creatures vanquished

Notes
Turn   | Place    | Note
-------+----------+-------------------------------------------
     0 | D:1      | devil0150 the Human Necromancer began the quest for the Orb.
     0 | D:1      | Reached XP level 1. HP: 13/13 MP: 3/3
    22 | D:1      | Learned a level 1 spell: Animate Skeleton
   690 | D:1      | Reached XP level 2. HP: 15/19 MP: 5/5
  1223 | D:1      | Reached skill level 1 in Maces & Flails
  1669 | D:1      | Reached XP level 3. HP: 17/24 MP: 6/6
  2841 | D:2      | Reached XP level 4. HP: 24/31 MP: 7/7
  3110 | D:2      | Reached skill level 1 in Throwing
  3151 | D:2      | Learned a level 3 spell: Regeneration
  3155 | D:2      | Learned a level 3 spell: Vampiric Draining
  3343 | D:2      | Found a deep blue altar of Sif Muna.
  3366 | D:2      | Became a worshipper of Sif Muna the Loreminder
  3407 | D:3      | Noticed Ijyb
  3411 | D:3      | Noticed Terence
  3412 | D:3      | Noticed Natasha
  3429 | D:3      | Killed Ijyb
  3429 | D:3      | Reached skill level 1 in Armour
  3496 | D:3      | Slain by Terence

Skill      XL: |  1  2  3  4 |
---------------+-------------+-----
Maces & Flails | 1 2 |  2.5
Throwing       | 1 |  1.0
Armour         | 1 |  1.0
Fighting       | |  0.6
Dodging        | |  2.4
Stealth        | |  2.0
Spellcasting   | |  2.0
Necromancy     | |  4.3

Action                   |  1- 3 |  4- 6 || total
-------------------------+-------+-------++-------
Melee: Unarmed           |    25 |       ||    25
       Mace              |   134 |   102 ||   236
Throw: Stone             |    42 |    27 ||    69
 Cast: Animate Skeleton  |     5 |       ||     5
  Use: Scroll            |     4 |       ||     4
       Potion            |     4 |     1 ||     5
 Stab: Sleeping          |     1 |       ||     1
       Distracted        |     1 |       ||     1
  Eat: Chunk             |     3 |     2 ||     5
       Pizza             |     1 |       ||     1
       Beef jerky        |     1 |       ||     1
Armor: Robe              |    35 |       ||    35
       Chain mail        |    33 |   110 ||   143
Dodge: Dodged            |   116 |     4 ||   120
